 Dungeon Crawl Stone Soup version 0.28.0 (webtiles) character file.

Game seed: 12234819568915799563

2783 joshe the Jinx (level 9, -5/45 HPs)
             Began as a Deep Elf Conjurer on Feb 5, 2022.
             Was an Initiate of Sif Muna.
             Slain by a troll (11 damage)
             ... on level 7 of the Dungeon.
             The game lasted 00:49:38 (10166 turns).

joshe the Jinx (Deep Elf Conjurer)                 Turns: 10166, Time: 00:49:41

Health: -5/45      AC:  3    Str:  4    XL:     9   Next: 43%
Magic:  15/23      EV: 12    Int: 28    God:    Sif Muna [......]
Gold:   394        SH:  5    Dex: 13    Spells: 11/24 levels left

rFire   + . .      SeeInvis .   h - staff of fire
rCold   . . .      Faith    .   (no shield)
rNeg    . . .      Spirit   .   a - +0 robe
rPois   .          Reflect  +   (no helmet)
rElec   .          Harm     .   (no cloak)
rCorr   .          Rampage  .   A - +0 pair of gloves
Will    +....                   (no boots)
Stlth   ++........              b - amulet of reflection
HPRegen 0.15/turn               y - ring of wizardry
MPRegen 0.18/turn               B - ring of willpower

@: very slightly contaminated, studying Throwing
A: no striking features
a: Renounce Religion


You were on level 7 of the Dungeon.
You worshipped Sif Muna.
Sif Muna was noncommittal.
You visited 2 branches of the dungeon, and saw 9 of its levels.

You collected 394 gold pieces.

Inventory:

Hand Weapons
 j - a +2 dagger of venom
 w - a +3 scimitar
 C - a +3 falchion of freezing
Missiles
 o - 4 poisoned darts
Armour
 a - a +0 robe (worn)
 A - a +0 pair of gloves (worn)
Magical Staves
 h - a staff of fire (weapon)
 D - a staff of earth
Jewellery
 b - an amulet of reflection (around neck)
 y - a ring of wizardry (left hand)
 B - a ring of willpower (right hand)
Wands
 l - a wand of flame (11)
 E - a wand of iceblast (9)
Scrolls
 f - 3 scrolls of teleportation {unknown}
 g - a scroll of amnesia {unknown}
 i - 2 scrolls of magic mapping {unknown}
 m - 3 scrolls of enchant armour {unknown}
 q - a scroll of vulnerability {unknown}
 r - a scroll of fear {unknown}
 t - a scroll of holy word {unknown}
 u - 2 scrolls of fog {unknown}
 F - a scroll of torment {unknown}
Potions
 c - 3 potions of curing
 d - 2 potions of brilliance
 e - a potion of ambrosia
 k - 4 potions of heal wounds
 n - 2 potions of lignification
 p - 2 potions of cancellation {unknown}
 s - 2 potions of mutation {unknown}
 v - 3 potions of attraction {unknown}
 x - a potion of magic {unknown}
 z - a potion of flight {unknown}


   Skills:
 - Level 3.0 Dodging
 - Level 3.0 Stealth
 - Level 8.0 Spellcasting
 + Level 9.6 Conjurations
 - Level 10.0 Hexes
 - Level 3.0 Translocations
 - Level 2.0 Fire Magic


You had 11 spell levels left.
You knew the following spells:

 Your Spells              Type           Power      Damage    Failure   Level
a - Magic Dart            Conj           100%       1d8       1%          1
b - Searing Ray           Conj           100%       2d8       1%          2
c - Fulminant Prism       Conj/Hex       30%        3d16      1%          4
d - Iskenderun's Mystic   Conj/Tloc      46%        2d10      1%          4
e - Poisonous Vapours     Pois/Air       22%        N/A       3%          2

Your spell library contained the following spells:

 Spells                   Type           Power      Damage    Failure   Level
 Dazzling Flash           Conj/Hex       100%       N/A       1%          3
 Corpse Rot               Necr/Air       22%        N/A       3%          2
 Alistair's Intoxication  Tmut/Pois      7%         N/A       45%         5
 Borgnjor's Vile Clutch   Necr/Erth      5%         N/A       45%         5
 Eringya's Noxious Bog    Tmut/Pois      5%         N/A       95%         6


Dungeon Overview and Level Annotations

Branches:
Dungeon (8/15)             Temple (1/1) D:5
   Lair: D:8-11

Altars:
Ashenzari
Cheibriados
Dithmenos
Elyvilon
Fedhas
Gozag
Hepliaklqana
Kikubaaqudgha
Nemelex Xobeh
Okawaru
Qazlal
Sif Muna
Trog
Uskayaw
Wu Jian
Xom
Yredelemnul
Zin
The Shining One

Shops:
D:5 =   D:7 *


Message History

The acid dragon spits acid at you. The splash of acid hits you!!
Ouch! That really hurt!
* * * LOW HITPOINT WARNING * * *
You climb upwards.
There is a stone staircase leading down here.
You start resting.
Magic restored.
You start resting.
HP restored.
There is a stone staircase leading down here.
You climb downwards.
The troll shouts!
You block the troll's attack. x3; The troll closely misses you.
The troll barely misses you. The troll claws you.
The acid dragon completely misses you. The acid dragon claws you.
Found three items.
There is a stone staircase leading up here.
Casting: Fulminant Prism (safe; 1% risk of failure)
Confirm with . or Enter, or press ? or * to list all spells.
You erupt in a blast of force!
The mystic blast hits the acid dragon.
The acid dragon is lightly wounded.
The acid dragon is knocked back by the mystic blast.
The mystic blast hits the troll!
The troll is moderately wounded.
The troll barely misses you. The troll claws you! x2
The acid dragon spits acid at you. The splash of acid misses you.
The troll bites you. You block the troll's attack. The troll claws you.
You hear a howl!
You climb upwards.
There is a stone staircase leading down here.
Casting: Iskenderun's Mystic Blast (dangerous; 1% risk of failure)
Confirm with . or Enter, or press ? or * to list all spells.
You miscast Iskenderun's Mystic Blast.
You are very lightly contaminated with residual magic.
Nothing appears to happen.
The troll bites you!
* * * LOW HITPOINT WARNING * * *
The troll claws you!
You die...

##...##..##..#.#..(......#
.....##..##..............#
#.#....##.........[[†.<..#
#......##.........[......#
###...#..#.......#########
#..............#
###..............###
.###...............#####
................@......#
....≈≈≈≈≈≈≈....T....####
###.≈.....≈≈≈≈......###
....≈.⌠.⌠....≈........##
....≈..∩..._....#......#
....≈.⌠.⌠....≈.##..⌠..##
....≈.....≈≈≈≈.........#
....≈≈≈≈≈≈≈...........##
.......######........##


You could see a troll.

Vanquished Creatures
  A steam dragon (D:4)
  Edmund (D:6)
  2 water moccasins (D:8)
  2 black bears
  An ogre (D:6)
  2 necrophages (D:5)
  A sky beast (D:7)
  3 centaurs
  A phantom (D:4)
  A bullfrog (D:7)
  3 scorpions
  A water moccasin zombie (D:6)
  3 killer bees (D:7)
  9 wights
  A centaur zombie (D:5)
  3 hounds
  2 bullfrog skeletons
  An orc priest (D:6)
  A centaur skeleton (D:4)
  6 iguanas
  4 orc wizards
  3 howler monkey skeletons (D:7)
  4 adders
  2 ufetubi
  5 worms
  6 dart slugs
  11 orcs
  5 ball pythons
  8 endoplasms
  6 giant cockroaches
  15 goblins
  7 hobgoblins
  8 jackals
  4 quokkas
  4 bats
  8 kobolds
  4 rats
  A bush (D:7)
  2 fulminant prisms (D:7)
152 creatures vanquished.

Vanquished Creatures (others)
  58 fulminant prisms
  15 fungi (D:8)
  17 plants (D:8)
90 creatures vanquished.

Grand Total: 242 creatures vanquished

Notes
Turn   | Place    | Note
-------+----------+-------------------------------------------
     0 | D:1      | joshe the Deep Elf Conjurer began the quest for the Orb.
     0 | D:1      | Reached XP level 1. HP: 10/10 MP: 6/6
   184 | D:1      | Reached XP level 2. HP: 15/15 MP: 2/8
   202 | D:1      | Reached skill level 5 in Conjurations
   205 | D:1      | Learned a level 2 spell: Searing Ray
   540 | D:1      | Found a faded altar of an unknown god.
   575 | D:1      | Reached XP level 3. HP: 19/19 MP: 7/9
  1697 | D:2      | Reached skill level 1 in Fire Magic
  1697 | D:2      | Reached XP level 4. HP: 24/24 MP: 4/10
  1748 | D:2      | Learned a level 4 spell: Fulminant Prism
  2913 | D:3      | Reached XP level 5. HP: 28/28 MP: 6/11
  3641 | D:4      | Reached skill level 1 in Hexes
  3869 | D:4      | Reached skill level 2 in Hexes
  4050 | D:4      | Noticed a steam dragon
  4204 | D:4      | Noticed a phantom
  4218 | D:4      | Killed a phantom
  4219 | D:4      | Reached skill level 3 in Hexes
  4219 | D:4      | Reached XP level 6. HP: 32/32 MP: 1/14
  4438 | D:4      | Reached skill level 4 in Hexes
  5129 | D:4      | Killed a steam dragon
  5130 | D:4      | Reached XP level 7. HP: 36/36 MP: 0/15
  5484 | D:4      | Learned a level 4 spell: Iskenderun's Mystic Blast
  5510 | D:5      | Entered Level 5 of the Dungeon
  5668 | D:5      | Reached skill level 5 in Spellcasting
  5886 | D:5      | Reached skill level 5 in Hexes
  6020 | D:5      | Reached skill level 6 in Hexes
  6139 | D:5      | Reached skill level 7 in Hexes
  6235 | D:5      | Found a staircase to the Ecumenical Temple.
  6303 | Temple   | Entered the Ecumenical Temple
  6412 | Temple   | Became a worshipper of Sif Muna the Loreminder
  6476 | D:5      | Reached XP level 8. HP: 41/41 MP: 12/17
  6667 | D:5      | Found Raseaschu's Jewellery Boutique.
  6705 | D:5      | Found a glowing silver altar of Zin.
  7071 | D:6      | Reached skill level 8 in Hexes
  7224 | D:6      | Reached skill level 1 in Translocations
  7957 | D:6      | Noticed Edmund
  8108 | D:6      | Killed Edmund
  8461 | D:6      | Found an ancient bone altar of Kikubaaqudgha.
  8705 | D:7      | Found an opulent altar of Gozag.
  8799 | D:7      | Found Gozag's Platinum Reserve.
  8920 | D:7      | Learned a level 2 spell: Poisonous Vapours
  8944 | D:7      | Reached skill level 9 in Hexes
  8944 | D:7      | Reached XP level 9. HP: 45/45 MP: 15/23
  9118 | D:7      | Reached skill level 10 in Hexes
  9492 | D:7      | Found an ornate altar of the Wu Jian Council.
  9500 | D:7      | Found a glowing golden altar of the Shining One.
  9800 | D:7      | Found a snail-covered altar of Cheibriados.
  9800 | D:7      | Found a faded altar of an unknown god.
  9807 | D:7      | Found a faded altar of an unknown god.
  9809 | D:7      | Found a stormy altar of Qazlal.
  9811 | D:7      | Found a hazy altar of Hepliaklqana.
 10162 | D:8      | Noticed a troll
 10166 | D:7      | Slain by a troll

Illustrated notes

Levels and vault maps discovered:
D:1:      erik_arrival_blinker_ship, layout_rooms,
          ebering_ecumenical_altar_sacrificial
D:2:      layout_loops_ring, kennysheep_path_1, nicolae_figureground_pulse
D:3:      layout_loops_ring
D:4:      layout_loops_corners, minmay_manual_moon
D:5:      layout_loops_corners, zin_scriptorium, minmay_temple_entry_grid,
          serial_shops, shop, kennysheep_small_circle
D:6:      layout_loops_cross, lemuel_crystal_altar,
          chequers_serial_rivers_large_a, skrybe_limestone_x, nicolae_sextant,
          kennysheep_generic_room_4, uniq_edmund
D:7:      layout_rooms, chequers_temple_overflow_minitemple,
          mainiacjoe_overflow_catwalk_spiral, nicolae_gozag_zags_fifth_avenue,
          serial_corexii_hall, corexii_hall_statues_l, corexii_hall_statues_i,
          corexii_hall_statues_t, chequers_hall_statues_wall_a,
          corexii_hall_statues_deadend, chequers_hall_statues_y,
          corexii_checkpoint_a, solitary_fountain, hangedman_decor_growths,
          kb_lookout_dungeons_type
D:8:      layout_cave_pools, mainiacjoe_overflow_small_starburst,
          due_lair_maze_entry_diamond, special_room [special_room_orc],
          serial_rivers, chequers_serial_rivers_room_a,
          chequers_serial_rivers_micro_d, chequers_serial_rivers_small_3,
          chequers_serial_rivers_micro_e, chequers_serial_rivers_marsh,
          hellmonk_scale_shop
Temple:   jpeg_temple_clearing

Skill      XL: |  1  2  3  4  5  6  7  8  9 |
---------------+----------------------------+-----
Conjurations   | 5 6 7 8 9 |  9.6
Fire Magic     | 1 2 |  2.0
Hexes          | 3 4 7 9 10 | 10.0
Spellcasting   | 4 5 8 |  8.0
Dodging        | 3 |  3.0
Stealth        | 3 |  3.0
Translocations | 3 |  3.0

Action                   |  1- 3 |  4- 6 |  7- 9 || total
-------------------------+-------+-------+-------++-------
Melee: Staff             |     2 |     2 |     1 ||     5
       Dagger            |       |     3 |       ||     3
 Cast: Magic Dart        |    67 |    45 |    22 ||   134
       Searing Ray       |    10 |    30 |    14 ||    54
       Fulminant Prism   |       |     9 |    51 ||    60
       Iskenderun's Myst |       |       |     6 ||     6
  Use: Potion            |       |     1 |       ||     1
       Scroll            |       |       |     4 ||     4
Armor: Robe              |     1 |     5 |     1 ||     7
Dodge: Dodged            |     2 |    17 |    10 ||    29
Block: Other             |       |     6 |     5 ||    11
       Reflection        |       |     1 |       ||     1
